[Event "WYCC 2018 O18"]
[Site "Halkidiki"]
[Date "2018.10.21"]
[Round "3"]
[White "Rovira Vila, Jaume"]
[Black "Tran, Minh Thang"]
[Result "0-1"]
[ECO "B22"]
[WhiteElo "2156"]
[BlackElo "2341"]
[Annotator "NA"]
[PlyCount "92"]
[EventDate "2018.10.20"]
[EventType "swiss"]
[EventCountry "GRE"]
[SourceTitle "playchess.com"]
[Source "ChessBase"]
[SourceQuality "1"]
[TimeControl "40/5400+30:1800+30"]

1. e4 c5 2. c3 d5 3. exd5 Qxd5 4. d4 Nf6 5. Nf3 e6 6. Na3 cxd4 7. Nb5 Na6 8. Qxd4 Bc5 9. Qxd5 Nxd5 10. Be2 {[%emt 0:01:44] B22: Sicilian: 2 c3} f6 $146 ({Predecessor:} 10... O-O 11. O-O b6 12. c4 Nf6 13. Ne5 Bb7 14. a3 Be7 15. b4 Rfc8 16. Bb2 Nc7 17. Nd4 Nce8 {0-1 (42) Milliet,S (2354)-Sachdev,T (2423) Lyon 2008}) 11. O-O e5 12. a3 Nac7 13. Nxc7+ Nxc7 14. b4 Be7 15. c4 g5 16. Bb2 Ne6 17. c5 Bd7 18. Bc4 Nf4 19. Bc1 O-O-O 20. Bxf4 gxf4 21. a4 Kc7 22. Rfc1 Rhf8 23. Be2 Rg8 24. b5 e4 25. Ne1 Rg5 26. Rc4 Re5 27. Rac1 Be6 28. R4c3 Rd2 29. Bc4 Bg4 30. Bg8 Rg5 31. Bb3 f3 32. g3 Re5 33. Nc2 f5 34. b6+ Kb8 35. bxa7+ Kxa7 36. Ne3 Bg5 37. Nxg4 fxg4 38. c6 bxc6 39. Rxc6 e3 40. Rc7+ Kb6 41. a5+ Kxa5 42. Bc4 e2 43. Ra7+ Kb6 44. Ra6+ Kb7 45. Rb1+ Kc7 $19 46. Ra7+ Kd6 0-1

[Event "WYCC 2018 O18"]
[Site "Halkidiki"]
[Date "2018.10.21"]
[Round "3"]
[White "Veleshnja, Zino"]
[Black "Varacalli, Francisco"]
[Result "1/2-1/2"]
[ECO "A45"]
[WhiteElo "2155"]
[BlackElo "2334"]
[Annotator "NA"]
[PlyCount "84"]
[EventDate "2018.10.20"]
[EventType "swiss"]
[EventCountry "GRE"]
[SourceTitle "playchess.com"]
[Source "ChessBase"]
[SourceQuality "1"]
[TimeControl "40/5400+30:1800+30"]

1. d4 Nf6 2. Bf4 d5 3. e3 e6 4. c3 Bd6 5. Bg3 O-O 6. Bd3 c5 7. Nd2 Nc6 8. Ngf3 b6 9. O-O Bb7 10. e4 Be7 $11 (10... Bxg3 $17 11. hxg3 {[#]} Nxd4 $1 12. cxd4 dxe4 13. Nxe4 Bxe4 14. Bxe4 Nxe4) 11. dxc5 bxc5 12. Re1 c4 13. Bc2 Nh5 14. exd5 exd5 15. Nf1 Nxg3 16. Nxg3 Bc8 17. Ba4 Bb7 18. Nf5 Bf6 19. N5d4 Nb8 20. Qd2 Na6 21. Rad1 Nc5 22. Bc2 Qb6 23. Re2 Rad8 24. Qf4 Ne4 25. h4 Qd6 26. Qxd6 Rxd6 27. Nd2 Bxd4 28. cxd4 Nf6 29. Nb1 Re8 30. Rxe8+ Nxe8 31. Re1 Kf8 32. Nc3 Nc7 33. b4 cxb3 34. Bxb3 Ba6 35. Re5 Bc4 36. Bxc4 dxc4 37. d5 f6 38. Re4 Rd7 39. Rxc4 Nxd5 40. Rd4 Nb6 41. Rxd7 Nxd7 42. f3 Ke7 1/2-1/2

[Event "WYCC 2018 O18"]
[Site "Halkidiki"]
[Date "2018.10.21"]
[Round "3"]
[White "Asllani, Muhamet"]
[Black "Roshka, Yevgeniy"]
[Result "1-0"]
[ECO "B06"]
[WhiteElo "2148"]
[BlackElo "2328"]
[Annotator "NA"]
[PlyCount "147"]
[EventDate "2018.10.20"]
[EventType "swiss"]
[EventCountry "GRE"]
[SourceTitle "playchess.com"]
[Source "ChessBase"]
[SourceQuality "1"]
[TimeControl "40/5400+30:1800+30"]

1. e4 g6 2. Nf3 Bg7 3. d4 d6 4. Bc4 e6 5. O-O a6 6. Re1 Nd7 7. a4 b6 8. Bg5 Ne7 9. c3 h6 10. Be3 Bb7 11. Nbd2 d5 12. exd5 Nxd5 13. Nf1 Nxe3 14. fxe3 Nf6 15. Ng3 h5 16. Nh1 Ne4 17. Qc2 g5 18. Nd2 Nxd2 $11 19. Qxd2 g4 20. Qd3 Qg5 21. e4 h4 22. Rad1 g3 23. hxg3 hxg3 24. Nxg3 O-O-O 25. Bxa6 Be5 26. Bxb7+ Kxb7 27. Nf1 Rdg8 28. Qf3 Bf4 29. e5+ c6 30. b4 Qg4 31. Rd3 Qh4 32. g3 Rxg3+ 33. Nxg3 Rg8 34. Re4 Rg4 35. b5 Kb8 36. Rxf4 Rxf4 37. Qxc6 Qh7 38. Qxb6+ Kc8 39. Qc6+ Kd8 40. Rf3 Qb1+ 41. Kg2 Qc2+ 42. Kh3 Qh7+ 43. Kg2 Qc2+ 44. Kg1 Qd1+ 45. Rf1 Qd3 46. Qg2 Qe3+ 47. Rf2 Rg4 48. Qa8+ Kc7 49. Kf1 Qd3+ 50. Ke1 Qxg3 51. Qf3 Qh4 52. Qxf7+ Kb8 53. Qe8+ Kb7 54. Qc6+ Kb8 55. Qf3 Rg8 56. Kd2 Qg5+ 57. Kc2 Qg6+ 58. Kb2 Rc8 59. Rc2 Qe8 60. c4 Qd8 61. d5 Qa5 62. Kb3 exd5 63. Qxd5 Rd8 64. Qe4 Rd1 65. Rh2 Qd8 66. Rh7 Rd3+ 67. Kb4 Rd7 68. Rxd7 Qxd7 69. Qd5 Qg7 70. b6 Qf8+ 71. Qd6+ Kb7 72. a5 Qf7 73. Qd5+ Ka6 74. Qa8+ 1-0

[Event "WYCC 2018 O18"]
[Site "Halkidiki"]
[Date "2018.10.21"]
[Round "3"]
[White "Giesinger, Elias"]
[Black "Szustakowski, Antoni"]
[Result "1-0"]
[ECO "E06"]
[WhiteElo "2131"]
[BlackElo "2319"]
[Annotator "NA"]
[PlyCount "103"]
[EventDate "2018.10.20"]
[EventType "swiss"]
[EventCountry "GRE"]
[SourceTitle "playchess.com"]
[Source "ChessBase"]
[SourceQuality "1"]
[TimeControl "40/5400+30:1800+30"]

1. d4 Nf6 2. Nf3 e6 3. c4 d5 4. g3 Be7 5. Bg2 O-O 6. O-O c6 7. Qc2 b6 8. Nbd2 Nbd7 9. e4 dxc4 10. Nxc4 Bb7 11. Rd1 c5 12. e5 {[%emt 0:00:38] E09: Closed Catalan: Main Line: 7 Qc2 c6 8 Nbd2} (12. Ng5 h6 13. e5 Bxg2 14. exf6 Nxf6 15. Kxg2 hxg5 16. dxc5 Qc7 17. cxb6 axb6 18. Qe2 Rfc8 19. b3 b5 {1-0 (94) Howell,D (2698)-Lopez Martinez,J (2607) Heraklio 2017}) 12... Nd5 13. Nd6 Bxd6 14. Ng5 g6 15. exd6 Nb4 $146 ({Predecessor:} 15... c4 16. Qe4 N7f6 17. Qe5 h6 18. Nh3 Kh7 19. Re1 Ne8 {1-0 (29) Baenziger,F (2373)-Chukavin,K (2291) Riga 2018}) 16. Qd2 Bxg2 17. Kxg2 Nd5 18. b3 N7f6 19. dxc5 bxc5 $14 20. Bb2 Qxd6 21. Rac1 e5 22. Rc4 Rad8 23. Kg1 Qe7 24. Qe2 Nb6 25. Rcc1 Rxd1+ 26. Rxd1 Nfd5 27. Ne4 f6 28. a4 Nc7 29. a5 Nc8 30. Ba3 Ne6 31. Nxc5 Nxc5 32. Qc4+ Qf7 33. Bxc5 Qxc4 34. bxc4 Re8 35. Rd7 a6 36. h4 h5 37. Kf1 f5 38. Ke2 Kh8 39. Kd2 Kg8 40. Kc3 f4 41. gxf4 exf4 42. f3 g5 43. hxg5 h4 44. g6 h3 45. Rh7 Re6 46. Rxh3 Rxg6 47. Rh4 Rg5 48. Rg4 Rxg4 49. fxg4 Kf7 50. Kd4 Kg6 51. Ke4 Kg5 52. Kf3 1-0

[Event "WYCC 2018 O18"]
[Site "Halkidiki"]
[Date "2018.10.21"]
[Round "3"]
[White "Dallemagne, Maximilien"]
[Black "Dobrovoljc, Vid"]
[Result "1/2-1/2"]
[ECO "A45"]
[WhiteElo "2094"]
[BlackElo "2309"]
[Annotator "NA"]
[PlyCount "93"]
[EventDate "2018.10.20"]
[EventType "swiss"]
[EventCountry "GRE"]
[SourceTitle "playchess.com"]
[Source "ChessBase"]
[SourceQuality "1"]
[TimeControl "40/5400+30:1800+30"]

1. d4 Nf6 2. g3 c5 3. e3 {[%emt 0:01:39] A45: Damenbauernspiele (Trompowski-Angriff)} (3. c3 e6 4. Bg2 d5 5. Nf3 Be7 6. O-O O-O 7. b3 b6 8. Bb2 Bb7 9. Nbd2 Nc6 10. c4 cxd4 11. Nxd4 Nxd4 12. Bxd4 Rc8 13. Rc1 {1-0 (78) Stupak,K (2578)-Jones,G (2662) Heraklio 2017}) 3... d5 4. Bg2 Nc6 5. Nf3 Bg4 6. h3 Bh5 7. O-O e6 8. b3 cxd4 9. exd4 Bd6 10. Bb2 O-O 11. Nbd2 $146 ({Vorgänger:} 11. Nc3 Rc8 12. Ne2 Qb6 13. c3 Bg6 14. Nh4 {0-1 (28) Popova,A-Lazhevskaya,Z St Petersburg 1998}) 11... Rc8 12. c4 b6 13. a3 Qe7 14. Re1 Rfd8 15. g4 Bg6 16. g5 Ne4 17. cxd5 exd5 18. Nxe4 dxe4 19. Nd2 Qxg5 20. Nxe4 Bxe4 21. Rxe4 Ne7 22. d5 Ng6 23. Qg4 Qxg4 24. hxg4 Nf4 25. Rc4 Rxc4 26. bxc4 Nd3 27. Ra2 Be5 28. Bxe5 Nxe5 29. Rc2 Nxg4 30. c5 bxc5 31. Rxc5 Nf6 32. Rc7 h5 33. Rxa7 Nxd5 34. a4 Nf4 35. Ra8 Rxa8 36. Bxa8 Ne2+ 37. Kg2 Nd4 38. a5 Kf8 39. a6 Nb5 40. Bc6 Na7 41. Bf3 g6 42. Kg3 Ke7 43. Bd5 f6 44. f4 g5 45. fxg5 fxg5 46. Bf3 g4 47. Bxg4 $11 1/2-1/2

[Event "WYCC 2018 O18"]
[Site "Halkidiki"]
[Date "2018.10.21"]
[Round "3"]
[White "Torres Cueto, Jesus Marcial"]
[Black "Carnicelli, Valerio"]
[Result "1-0"]
[ECO "E71"]
[WhiteElo "2078"]
[BlackElo "2299"]
[Annotator "NA"]
[PlyCount "101"]
[EventDate "2018.10.20"]
[EventType "swiss"]
[EventCountry "GRE"]
[SourceTitle "playchess.com"]
[Source "ChessBase"]
[SourceQuality "1"]
[TimeControl "40/5400+30:1800+30"]

1. d4 Nf6 2. c4 g6 3. Nc3 Bg7 4. e4 d6 {[%emt 0:00:00] LiveBook: 52251 Games} 5. h3 O-O 6. Be3 Na6 7. g4 {[%emt 0:01:06] E71: Königsindisch (5.h3)} e5 (7... c5 8. Nge2 b6 9. e5 Ne8 10. Bg2 Rb8 11. O-O Bb7 12. Bxb7 Rxb7 13. Qa4 Nec7 14. exd6 exd6 {½-½ (60) Caruana,F (2811)-Adhiban,B (2655) Wijk aan Zee 2018}) 8. d5 Nc5 9. f3 a5 10. Nge2 Nfd7 $146 ({Vorgänger:} 10... c6 11. Ng3 cxd5 12. exd5 h5 13. Qd2 h4 14. Nge4 Ncxe4 15. fxe4 Nh7 {1-0 (42) Lajthajm,B (2477)-Jovanovic,S (2278) Belgrade 2011}) 11. Ng3 Bf6 12. Qd2 Bh4 13. Bf2 Bg5 14. Be3 Bxe3 15. Qxe3 Qh4 16. Qf2 a4 17. Nd1 Na6 18. Ne3 Ndc5 19. O-O-O Bd7 20. Kb1 Rfb8 21. Ng2 Qe7 22. h4 b5 23. Ne3 bxc4 24. Bxc4 Bb5 25. a3 Bxc4 26. Nxc4 Rb3 27. h5 Rab8 28. hxg6 fxg6 29. Ne2 Qf7 30. Rhf1 Rf8 31. Nc3 Qe8 32. Rh1 Qd7 33. Rh4 Rf7 34. Kc2 Qd8 35. Rdh1 Qb8 36. Qe3 Qf8 37. R1h3 Rb8 38. Na5 Nb3 39. Nc6 Nd4+ 40. Nxd4 exd4 41. Qxd4 Nc5 42. Qe3 Qc8 43. Rh2 Qb7 44. Kb1 Qb3 45. e5 dxe5 46. Qxc5 Rxf3 {[%emt 0:00:05] [#]} 47. Na2 $1 (47. Ka1 Rf1+ 48. Nb1 Rbf8 $11) 47... Qd3+ 48. Ka1 Qd4 49. Qxc7 Qd1+ 50. Nc1 Rxa3+ 51. Kb1 1-0

[Event "WYCC 2018 O18"]
[Site "Halkidiki"]
[Date "2018.10.21"]
[Round "3"]
[White "Zhu, Brandon"]
[Black "Kouskoutis, Georgios-Alexandros"]
[Result "1-0"]
[ECO "B35"]
[WhiteElo "1914"]
[BlackElo "2296"]
[Annotator "NA"]
[PlyCount "81"]
[EventDate "2018.10.20"]
[EventType "swiss"]
[EventCountry "GRE"]
[SourceTitle "playchess.com"]
[Source "ChessBase"]
[SourceQuality "1"]
[TimeControl "40/5400+30:1800+30"]

1. e4 c5 2. Nf3 g6 3. d4 cxd4 4. Nxd4 Bg7 5. Nc3 Nc6 6. Be3 Nf6 7. Bc4 O-O 8. Bb3 d6 9. f3 Bd7 10. Qd2 Nxd4 11. Bxd4 b5 12. a4 b4 $11 13. Na2 a5 14. c3 bxc3 15. Nxc3 Rb8 16. Qd1 Rb4 17. Bxf6 Bxf6 18. Nd5 Bxb2 19. Ra2 Bg7 20. Nxb4 Bc3+ 21. Ke2 axb4 22. g4 Kg7 23. Kf1 e5 24. h4 f5 25. gxf5 gxf5 26. Rg2+ Kh6 27. exf5 Rxf5 28. Rg5 Qf6 29. Rxf5 Bxf5 30. Qc1+ Kg7 31. Qg5+ Qxg5 32. hxg5 e4 33. fxe4 Bxe4 34. Rh4 Bf5 35. a5 d5 36. Ke2 d4 37. a6 d3+ 38. Ke3 Bc8 39. a7 Bb7 40. Kxd3 Be1 41. Re4 1-0

[Event "WYCC 2018 O18"]
[Site "Halkidiki"]
[Date "2018.10.21"]
[Round "3"]
[White "Scallan, Fiachra"]
[Black "Lazov, Toni"]
[Result "0-1"]
[ECO "B51"]
[WhiteElo "1896"]
[BlackElo "2292"]
[Annotator "NA"]
[PlyCount "80"]
[EventDate "2018.10.20"]
[EventType "swiss"]
[EventCountry "GRE"]
[SourceTitle "playchess.com"]
[Source "ChessBase"]
[SourceQuality "1"]
[TimeControl "40/5400+30:1800+30"]

1. e4 c5 2. Nf3 d6 3. Bb5+ Nd7 4. c3 Ngf6 5. Qe2 a6 6. Ba4 b5 7. Bc2 Bb7 8. O-O e5 9. d4 Be7 10. Re1 O-O 11. Nbd2 ({Better is} 11. d5 $14) 11... Re8 12. Nf1 exd4 13. cxd4 Bf8 14. Ng3 cxd4 15. Nxd4 $17 d5 16. Bg5 dxe4 17. Rad1 Qc7 18. Qd2 h6 19. Bf4 Qb6 20. Ndf5 Rad8 21. Qc1 Nc5 22. Be3 Rxd1 23. Qxd1 Qc6 24. Qb1 Nd3 25. Rd1 Ng4 26. Nd4 Qg6 27. Bxd3 Nxe3 28. Bxb5 axb5 29. fxe3 h5 30. Nxb5 Qg5 31. Qc1 Qxb5 32. Rf1 h4 33. Nf5 Ba6 34. Rf2 Rc8 35. Qd2 Bb4 36. Qd1 Qd3 37. Nh6+ gxh6 38. Qg4+ Kf8 39. h3 Rc1+ 40. Kh2 Bd6+ 0-1

[Event "WYCC 2018 O18"]
[Site "Halkidiki"]
[Date "2018.10.22"]
[Round "4"]
[White "Burovic, Rijad"]
[Black "Giesinger, Elias"]
[Result "1-0"]
[ECO "B34"]
[WhiteElo "2380"]
[BlackElo "2131"]
[Annotator "NA"]
[PlyCount "161"]
[EventDate "2018.10.20"]
[EventType "swiss"]
[EventCountry "GRE"]
[SourceTitle "playchess.com"]
[Source "ChessBase"]
[SourceQuality "1"]
[TimeControl "40/5400+30:1800+30"]

1. e4 c5 2. Nc3 Nc6 3. Nge2 g6 4. d4 cxd4 5. Nxd4 Bg7 6. Be3 Nf6 7. Be2 O-O 8. Qd2 d5 9. exd5 Nxd5 10. Nxd5 Nxd4 {[%emt 0:05:58] LiveBook: 7 Games} 11. Bxd4 Qxd5 {[%emt 0:00:56] B34: Sicilian: Accelerated Dragon with 5 Nc3: sidelines} 12. Bxg7 Qxd2+ (12... Qxg2 $17 13. O-O-O (13. Qd4 e5 14. Qxe5 Qxh1+ 15. Kd2 Rd8+ 16. Bd3 Qd5 17. Qf6 Rd6 {0-1 (17) Fogarasi,T (2367)-Delchev,A (2620) Bayern 2011}) 13... Kxg7) 13. Kxd2 Kxg7 14. c4 Be6 $146 ({Predecessor:} 14... Rd8+ 15. Kc3 Be6 16. Rhd1 Kf6 17. b4 Rac8 18. a4 Rc7 19. Rd4 {1-0 (41) Famoroso,S (1932)-Crismann,A (1926) Victoria 2015}) 15. Ke3 Rac8 16. b3 a5 17. f4 Kf6 18. Rhd1 g5 19. Rd4 Rc5 20. Rf1 b6 21. Bd3 h6 22. a3 gxf4+ 23. Rfxf4+ Kg7 24. Be2 Rfc8 25. Rfe4 Kf6 26. Bd3 Rg5 27. g3 Rcc5 28. Rd8 Rge5 29. Rb8 Rxe4+ 30. Bxe4 a4 31. Rxb6 axb3 32. Bd5 b2 33. Bxe6 fxe6 34. Kd4 Ra5 35. Rxb2 e5+ 36. Ke4 Rxa3 37. Rf2+ Ke6 38. Rb2 Kf6 39. Rf2+ Ke6 40. Rf5 Rc3 41. Rxe5+ Kf6 42. Rf5+ Kg6 43. Rc5 Rc2 44. Rc6+ Kh5 45. h3 Rc3 46. g4+ Kg5 47. Rc5+ Kg6 48. h4 Kf6 49. g5+ hxg5 50. hxg5+ Ke6 51. Re5+ Kf7 52. c5 e6 53. Kd4 Rc1 54. Re3 Rg1 55. Re5 Rg4+ 56. Ke3 Ke7 57. Kf3 Rg1 58. Kf2 Rg4 59. Kf3 Rg1 60. Kf4 Rg2 61. Ke4 Rg4+ 62. Kd3 Kd7 63. Ke3 Ke7 64. Kd2 Rg3 65. c6 Rg2+ (65... Kd6 $11) 66. Kd3 Rg3+ 67. Kd4 Kd6 {[%emt 0:00:40] [#]} 68. Rc5 $1 Rg4+ 69. Ke3 Kc7 70. Kf3 Rg1 71. Kf4 Rg2 72. Rc1 e5+ 73. Kf5 e4 74. Re1 (74. Rc3 $142 Kd8 75. Kf4 (75. Kxe4 Rxg5 76. Kf4 Rg1 $11)) 74... Rf2+ 75. Kxe4 Kxc6 76. Rd1 Rg2 $18 77. Kf5 Rf2+ 78. Kg6 Rf3 79. Kg7 Rf2 80. g6 Kc7 81. Kg8 1-0

[Event "WYCC 2018 O18"]
[Site "Halkidiki"]
[Date "2018.10.22"]
[Round "4"]
[White "Muha, Miljenko"]
[Black "Dallemagne, Maximilien"]
[Result "1-0"]
[ECO "B39"]
[WhiteElo "2365"]
[BlackElo "2094"]
[Annotator "NA"]
[PlyCount "51"]
[EventDate "2018.10.20"]
[EventType "swiss"]
[EventCountry "GRE"]
[SourceTitle "playchess.com"]
[Source "ChessBase"]
[SourceQuality "1"]
[TimeControl "40/5400+30:1800+30"]

1. d4 Nf6 2. Nf3 g6 3. c4 c5 4. Nc3 cxd4 5. Nxd4 Bg7 6. e4 Nc6 7. Be3 Ng4 8. Qxg4 Nxd4 9. Qd1 e5 10. Bd3 O-O 11. O-O d6 {[%emt 0:08:55] LiveBook: 138 Partien} 12. Nd5 Nc6 {[%emt 0:17:22] B39: Sicilian: Maroczy Bind with 5...Bg7 and 7...Ng4} (12... Be6 13. Bxd4 exd4 14. Qb3 Qd7 15. Rae1 Rac8 16. Qa3 b6 17. Qb4 Rfe8 18. Nf4 Bh6 19. Nxe6 Rxe6 20. f4 {½-½ (47) Svane,R (2573)-Mikhalevski,V (2520) Zalakaros 2017}) 13. Qd2 $146 ({Predecessor:} 13. Qb3 b6 14. f4 exf4 15. Bxf4 Be6 16. Rad1 Rc8 17. Be2 Nd4 18. Qe3 Bxd5 19. Rxd4 Bxd4 20. Qxd4 {½-½ (29) Canibal,J (2399)-Ruimy,M (2219) ICCF email 2003}) 13... Bh8 14. Rad1 Nd4 15. f4 f5 $2 (15... Be6 $16) 16. Bxd4 exd4 17. exf5 Bxf5 18. Bxf5 Rxf5 19. Rde1 Rf7 20. Re4 Qd7 21. Rfe1 h5 22. Ne7+ $18 Kh7 23. f5 Rxf5 24. Nxf5 Qxf5 25. Re7+ Kg8 26. Qh6 1-0

[Event "WYCC 2018 O18"]
[Site "Halkidiki"]
[Date "2018.10.22"]
[Round "4"]
[White "Agmanov, Zhandos"]
[Black "Ozates, Tuna"]
[Result "1-0"]
[ECO "B32"]
[WhiteElo "2354"]
[BlackElo "2225"]
[Annotator "NA"]
[PlyCount "69"]
[EventDate "2018.10.20"]
[EventType "swiss"]
[EventCountry "GRE"]
[SourceTitle "playchess.com"]
[Source "ChessBase"]
[SourceQuality "1"]
[TimeControl "40/5400+30:1800+30"]

1. e4 c5 2. Nf3 Nc6 3. d4 cxd4 4. Nxd4 e5 5. Nb5 d6 6. c4 Be7 7. N1c3 a6 8. Na3 f5 9. exf5 Bxf5 10. Bd3 Be6 11. O-O Nf6 12. Nc2 {[%emt 0:00:12] B32: Sicilian: Löwenthal and Kalashnikov Variations} O-O (12... Qd7 13. Bg5 O-O 14. b3 Bd8 15. Rb1 Bb6 16. Be3 Bc7 17. Qd2 h6 18. f3 Rad8 19. Be4 Ba5 {½-½ (52) Andreikin,D (2736)-Roganovic,M (2478) Novi Sad 2016}) 13. Nd5 Rb8 14. b3 Qd7 15. Ba3 Kh8 $146 ({Predecessor:} 15... Bd8 16. Nce3 Kh8 17. Rc1 Nd4 18. Qd2 Nxd5 19. cxd5 Bg8 20. Qb4 Rf6 21. Bxa6 Rg6 22. Bd3 Nf3+ 23. Kh1 Rh6 24. gxf3 Qh3 25. Ng4 Qxf3+ 26. Kg1 Bxd5 {0-1 (26) Librelato,K (2085)-Amura,C (2262) Villa Martelli 2017}) 16. Nce3 b5 17. Qd2 Bd8 18. Rac1 Bxd5 19. Nxd5 Nxd5 20. cxd5 Nd4 21. f4 Bf6 22. Kh1 Rbe8 23. Rce1 Rf7 $16 (23... Kg8 $1 $11) 24. Qb4 Rd8 25. Qa5 Bh4 26. Re4 Rdf8 27. Qxa6 Rf6 28. Bb2 Rh6 29. fxe5 Nf5 30. Rxh4 Rxh4 31. Rxf5 Re8 32. Qxd6 Qxd6 33. exd6 Kg8 34. d7 Rd8 35. Bxb5 1-0

[Event "WYCC 2018 O18"]
[Site "Halkidiki"]
[Date "2018.10.22"]
[Round "4"]
[White "Stijve, Theo"]
[Black "Olimjonov, Sarvarbek"]
[Result "1-0"]
[ECO "C10"]
[WhiteElo "2345"]
[BlackElo "2074"]
[Annotator "NA"]
[PlyCount "125"]
[EventDate "2018.10.20"]
[EventType "swiss"]
[EventCountry "GRE"]
[SourceTitle "playchess.com"]
[Source "ChessBase"]
[SourceQuality "1"]
[TimeControl "40/5400+30:1800+30"]

1. e4 e6 2. d4 d5 3. Nc3 Nc6 4. Nf3 Nf6 5. Bd3 Bb4 6. O-O {[%emt 0:00:13] C10: French with 3 Nc3: Unusual Black 3rd moves and 3...dxe4} Bxc3 7. exd5 Nxd4 (7... Bxd4 8. dxc6 Bb6 9. Qe2 bxc6 10. Ne5 Bb7 11. Bg5 h6 12. Bh4 Qd4 13. Bg3 O-O {1-0 (67) Brkic,A (2590)-Jobava,B (2685) Batumi 2018}) 8. bxc3 Nxf3+ 9. Qxf3 Qxd5 10. Qg3 b6 11. a4 $146 ({Predecessor:} 11. c4 Qc6 12. Be2 Ba6 13. Bf3 Qxc4 {½-½ (43) Vieira,V-Hanio,J (2351) ICCF email 2015}) 11... Bb7 12. Bb5+ c6 13. Be2 Ne4 14. Qe3 O-O-O 15. c4 (15. a5 $5) 15... Qd4 16. Qxd4 Rxd4 17. Bb2 Rd7 18. Bxg7 Rg8 19. Bh6 c5 20. f3 Nd6 21. Bd3 Nf5 22. Bf4 Nd4 23. Kf2 f6 24. Rab1 Rdg7 25. Rg1 Nc6 26. Rbe1 e5 27. Bh6 Re7 28. c3 Na5 29. g4 Kc7 30. g5 fxg5 31. Bxg5 Rf7 32. Bf4 Rxg1 33. Bxe5+ Kd7 34. Rxg1 Rxf3+ 35. Ke2 Rf7 36. Ke3 Rf3+ 37. Ke2 Rf7 38. Rg5 Bc6 39. Bf5+ Ke7 40. Bc2 Nxc4 41. Bg7 Bf3+ 42. Ke1 h5 43. Bh6 Nd6 44. Re5+ Kd7 45. Bg5 Nc4 46. Rf5 Rxf5 47. Bxf5+ Kc7 48. Bc2 a5 49. Bf4+ Kc6 50. Kf2 Bg4 51. Kg3 b5 52. h3 Be6 53. Bb3 b4 54. cxb4 axb4 55. Kh4 Kd5 56. Be3 Kc6 57. Bf2 Bf7 58. a5 Kb5 59. a6 Kxa6 60. Bxc5 Kb5 61. Bf8 Be8 62. Bd1 Ne5 63. Bg7 $11 1-0

[Event "WYCC 2018 O18"]
[Site "Halkidiki"]
[Date "2018.10.22"]
[Round "4"]
[White "Varacalli, Francisco"]
[Black "Petersson, Baldur Teodor"]
[Result "0-1"]
[ECO "B42"]
[WhiteElo "2334"]
[BlackElo "2195"]
[Annotator "NA"]
[PlyCount "74"]
[EventDate "2018.10.20"]
[EventType "swiss"]
[EventCountry "GRE"]
[SourceTitle "playchess.com"]
[Source "ChessBase"]
[SourceQuality "1"]
[TimeControl "40/5400+30:1800+30"]

1. e4 c5 2. Nf3 e6 3. d4 cxd4 4. Nxd4 a6 5. Bd3 Bc5 6. Nb3 Be7 7. Nc3 d6 8. O-O Nf6 9. f4 Nbd7 10. Qe2 Qc7 11. Bd2 b6 {[%emt 0:01:13] B43: Sicilian: Kan Variation: 5 Nc3} (11... b5 12. a4 b4 13. Nd1 a5 14. Kh1 d5 15. exd5 Nxd5 16. f5 e5 17. c4 N5f6 18. Nf2 O-O 19. Ne4 {0-1 (64) Movsesian,S (2672)-Svidler,P (2753) Dubai 2014}) 12. Rae1 Bb7 13. e5 Nd5 14. f5 Nxe5 15. fxe6 fxe6 16. Qh5+ g6 {[%emt 0:09:58] [#]} 17. Bxg6+ $1 $146 ({Predecessor:} 17. Qh3 Qd7 18. Rxe5 dxe5 19. Bxg6+ {0-1 (33) Kulpruethanon,T (2068)-Solak,D (2599) Istanbul 2012}) 17... Nxg6 18. Rxe6 Nxc3 19. Bxc3 Rf8 20. Rfe1 O-O-O 21. Qxh7 Bh4 22. Qxc7+ Kxc7 23. Rxg6 Bf2+ 24. Kf1 Bxe1+ 25. Kxe1 Rde8+ 26. Kd2 Rf2+ 27. Kd3 Be4+ 28. Ke3 Rf7 29. Rf6 $19 Bxc2+ 30. Kf4 Bxb3 31. axb3 Rh7 32. h3 Kc6 33. Kf5 Re2 34. g4 Rxh3 35. g5 Rg3 36. g6 Reg2 37. g7 Rxg7 0-1

[Event "WYCC 2018 O18"]
[Site "Halkidiki"]
[Date "2018.10.22"]
[Round "4"]
[White "Roshka, Yevgeniy"]
[Black "Samaridis, Konstantinos"]
[Result "1-0"]
[ECO "A04"]
[WhiteElo "2328"]
[BlackElo "2052"]
[Annotator "NA"]
[PlyCount "119"]
[EventDate "2018.10.20"]
[EventType "swiss"]
[EventCountry "GRE"]
[SourceTitle "playchess.com"]
[Source "ChessBase"]
[SourceQuality "1"]
[TimeControl "40/5400+30:1800+30"]

1. Nf3 e6 2. g3 c5 3. Bg2 {[%emt 0:00:05] A04: Unusual lines after 1 Nf3 and King's Indian Attack} Nc6 4. O-O (4. c4 g5 5. d3 h6 6. Nc3 Bg7 7. h4 g4 8. Nd2 d6 9. e3 f5 10. Nb3 Nge7 {1-0 (41) Eljanov,P (2755)-Rapport,R (2702) Wijk aan Zee 2017 CBM 177 [Schroeder,J]}) 4... g6 5. d4 cxd4 6. Nxd4 a6 7. Nxc6 $146 ({Predecessor:} 7. c4 Bg7 8. Nc2 Nge7 9. Nc3 O-O 10. Bg5 h6 {1-0 (56) Larsen,B (2565)-Short,N (2615) Brussels 1987}) 7... dxc6 8. Qxd8+ Kxd8 9. Rd1+ Ke8 10. Nc3 e5 11. Bg5 f6 12. Be3 Bf5 13. Ne4 h5 14. Nd6+ Bxd6 15. Rxd6 Rd8 16. Rxd8+ Kxd8 17. Bb6+ Kc8 18. Rd1 Ne7 19. Rd6 Rf8 20. e4 Bd7 21. f4 Bg4 22. Kf2 h4 23. Bf1 f5 24. fxe5 fxe4+ 25. Rf6 Re8 26. c4 hxg3+ 27. Kxg3 Bf5 28. Kf4 Kb8 29. h4 Ng8 30. Rd6 Nh6 31. Rd8+ Rxd8 32. Bxd8 Kc8 $18 33. Bg5 Nf7 34. h5 Kd7 35. h6 Ke6 36. h7 e3 37. c5 Kd5 38. Bf6 Kxc5 39. h8=Q Nxh8 40. Bxh8 Be6 41. Kxe3 Bxa2 42. Bh3 g5 43. Bf6 b5 44. Bxg5 a5 45. Be7+ Kd5 46. Bg2+ Kxe5 47. Bxc6 Bc4 48. Bd8 a4 49. Bc7+ Ke6 50. Bb6 Kd6 51. Be8 Ke7 52. Bh5 Kd6 53. Kd4 Kc6 54. Bc5 Bf1 55. Bf3+ Kc7 56. Be4 Bh3 57. Kc3 Bf1 58. Bd3 b4+ 59. Bxb4 a3 60. Bxa3 1-0

[Event "WYCC 2018 O18"]
[Site "Halkidiki"]
[Date "2018.10.22"]
[Round "4"]
[White "Szustakowski, Antoni"]
[Black "Stavropoulos, Konstantinos"]
[Result "1-0"]
[ECO "E11"]
[WhiteElo "2319"]
[BlackElo "2045"]
[Annotator "NA"]
[PlyCount "81"]
[EventDate "2018.10.20"]
[EventType "swiss"]
[EventCountry "GRE"]
[SourceTitle "playchess.com"]
[Source "ChessBase"]
[SourceQuality "1"]
[TimeControl "40/5400+30:1800+30"]

1. d4 Nf6 2. c4 e6 3. Nf3 Bb4+ 4. Nbd2 b6 5. e3 Bb7 6. Bd3 Bxd2+ {[%emt 0:01:28] E14: Queen's Indian: Classical Variation (4 e3)} (6... O-O 7. O-O c5 8. a3 Bxd2 9. Bxd2 d6 10. b4 Ne4 11. Bc1 Nd7 12. Bb2 f5 13. Nd2 Nxd2 14. Qxd2 Qe7 15. Rad1 e5 16. dxc5 bxc5 17. b5 Rf6 {0-1 (38) Ganguly,S (2652)-Eljanov,P (2717) Berlin 2015}) 7. Qxd2 Ne4 8. Qc2 f5 9. O-O O-O 10. Nd2 Qh4 11. f3 Ng5 12. Rf2 $146 ({Predecessor:} 12. d5 Na6 13. f4 Nb4 14. Qc3 Nxd3 15. Qxd3 Ne4 16. Nxe4 fxe4 17. Qxe4 exd5 18. cxd5 Qh5 19. Qd4 {½-½ (19) Valenzuela Fuentealba,L (2482)-Velasquez Ojeda,C (2319) Santiago de Chile 2007}) 12... d6 13. f4 Nf7 14. e4 Nh6 15. Nf3 Qh5 16. h3 Nd7 17. exf5 exf5 18. Ng5 Rae8 19. Bd2 Nf6 20. d5 Re7 $16 21. Re1 Rfe8 22. Rxe7 Rxe7 23. Bc3 c6 24. Bxf5 Nxf5 25. Qxf5 Ne4 26. g4 Qg6 27. Nxe4 Qxf5 28. gxf5 Rxe4 29. Rg2 Bc8 30. Rxg7+ Kf8 31. f6 Rxc4 32. dxc6 Rxc6 33. Rxh7 a5 34. Kg2 Be6 35. a3 Rc5 36. h4 Bf7 37. Kg3 Rd5 38. Rh8+ Bg8 39. h5 Rd1 40. Kg2 Rd3 41. h6 1-0